 Dungeon Crawl Stone Soup version 0.32-a0-814-g0968bab981 (webtiles) character file.

Game seed: 12431776795978356682

2955 gimp the Magician (level 9, -3/62 HPs)
             Began as a Barachi Earth Elementalist on Mar 22, 2024.
             Was a Follower of Vehumet.
             Succumbed to Erica's bolt of poison
             ... on level 8 of the Dungeon.
             The game lasted 00:14:19 (6317 turns).

gimp the Magician (Barachi Earth Elementalist)      Turns: 6317, Time: 00:14:19

Health: -3/62      AC:  6    Str: 10    XL:     9   Next: 81%
Magic:  10/20      EV: 15    Int: 19    God:    Vehumet [*.....]
Gold:   395        SH:  0    Dex: 13    Spells: 15/23 levels left

rFire   + . .        a - +4 short sword (protect)
rCold   . . .        (no shield)
rNeg    . . .        f - +0 leather armour {rF+}
rPois   .            t - +0 helmet
rElec   .            c - +0 cloak
rCorr   .            k - +0 pair of gloves
SInv    .            (no boots)
Will    .....        n - amulet of magic regeneration
Stlth   ++           j - ring of flight
HPRegen 0.30/turn    g - +5 ring of evasion
MPRegen 0.57/turn

%: no passive effects
@: lethally poisoned (-3 -> -15), unable to hop, flying, slowed, very slow
A: amphibious, slowness 1, strong legs 1, +LOS
a: Hop, Renounce Religion


You were on level 8 of the Dungeon.
You worshipped Vehumet.
Vehumet was aware of your devotion.
You visited 1 branch of the dungeon, and saw 8 of its levels.

You collected 395 gold pieces.

Inventory:

Hand Weapons
 a - a +4 short sword of protection (weapon)
Armour
 c - a +0 cloak (worn)
 f - a +0 leather armour of fire resistance (worn)
 k - a +0 pair of gloves (worn)
 t - a +0 helmet (worn)
Jewellery
 g - a +5 ring of evasion (right hand)
 j - a ring of flight (left hand)
 n - an amulet of magic regeneration (around neck)
 p - a ring of ice
Wands
 h - a wand of digging (6)
 i - a wand of mindburst (19)
 w - a wand of roots (13)
Scrolls
 d - 2 scrolls of blinking
 e - 3 scrolls of enchant armour {unknown}
 l - a scroll of revelation {unknown}
 m - a scroll of vulnerability {unknown}
 o - a scroll of enchant weapon {unknown}
 q - a scroll of noise
 s - a scroll of immolation
 v - 2 scrolls of poison
Potions
 b - a potion of magic
 r - 3 potions of haste
 u - 4 potions of mutation


   Skills:
 + Level 2.5 Fighting
 - Level 2.1 Dodging
 - Level 1.7 Stealth
 * Level 7.6 Spellcasting
 - Level 7.0 Conjurations
 * Level 4.0 Fire Magic
 - Level 7.0 Earth Magic
 - Level 5.0 Alchemy


You had 15 spell levels left.
You knew the following spells:

 Your Spells              Type           Power      Damage    Failure   Level
a - Stone Arrow           Conj/Erth      66%        3d11      2%          3
b - Sandblast             Erth           66%        2d15      1%          1
c - Sticky Flame          Fire/Alch      24%        2d6       21%         4

Your spell library contained the following spells:

 Spells                   Type           Power      Damage    Failure   Level
 Shock                    Conj/Air       80%        1d8       3%          1
 Magic Dart               Conj           100%       1d8       1%          1
 Searing Ray              Conj           66%        2d6       1%          2
 Passwall                 Erth           33%        N/A       2%          3
 Brom's Barrelling Bould  Conj/Erth      33%        2d5       8%          4
 Fulminant Prism          Conj/Alch      15%        3d10      11%         4
 Petrify                  Alch/Erth      30%        N/A       11%         4
 Necrotise                Necr           28%        1d5       13%         1
 Flame Wave               Conj/Fire      28%        2d9       14%         4
 Inner Flame              Hex/Fire       14%        N/A       17%         3
 Vampiric Draining        Necr           7%         2d6       36%         3
 Martyr's Knell           Necr/Summ      7%         N/A       78%         4
 Curse of Agony           Necr           7%         N/A       98%         5


Dungeon Overview and Level Annotations

Branches:
Dungeon (8/15)             Temple (0/1) D:6
   Lair: D:8-11

Altars:
Fedhas
Gozag
Makhleb
Qazlal
Vehumet
Xom
Zin

Shops:
D:3 (

Annotations:
D:3 2 transporters, Hsik's ghost, amateur DjWr


Innate Abilities, Weirdness & Mutations

You are amphibious.
You cover ground slowly.
You can hop short distances.
You have an extended range of vision and can be seen from far away.


Message History

The stone arrow misses Erica.
You now have 14/19 mp.
There is a stone staircase leading up here.
Casting: Stone Arrow (dangerous; 2% risk of failure)
Confirm with . or Enter, or press ? or * to list all spells.
Aiming: Stone Arrow (dangerous; 2% risk of failure)
Press: ? - help, Shift-Dir - straight line, f/p - Erica
Aim: Erica, wielding a +0 scimitar of flaming and wearing a ring of resist corrosion (moderately wounded, 64% to hit)
The stone arrow misses Erica.
You now have 12/19 mp.
Casting: Stone Arrow (dangerous; 2% risk of failure)
Confirm with . or Enter, or press ? or * to list all spells.
Aiming: Stone Arrow (dangerous; 2% risk of failure)
Press: ? - help, Shift-Dir - straight line, f/p - Erica
Aim: Erica, wielding a +0 scimitar of flaming and wearing a ring of resist corrosion (moderately wounded, 64% to hit)
The stone arrow misses Erica.
Erica barely misses you. Erica grabs you. Erica constricts you.
You take 3 damage, and have 56/59 hp.
You now have 10/19 mp.
Casting: Stone Arrow (dangerous; 2% risk of failure)
Confirm with . or Enter, or press ? or * to list all spells.
Aiming: Stone Arrow (dangerous; 2% risk of failure)
Press: ? - help, Shift-Dir - straight line, f/p - Erica
Aim: Erica, wielding a +0 scimitar of flaming and wearing a ring of resist corrosion (moderately wounded, constricting you, 64% to hit)
The stone arrow hits Erica!
Erica is heavily wounded.
Erica hits you with a +0 scimitar of flaming!
Erica constricts you.
You take 13 damage, and have 43/59 hp.
MASSIVE DAMAGE!!
You now have 7/19 mp.
Casting: Stone Arrow (dangerous; 2% risk of failure)
Confirm with . or Enter, or press ? or * to list all spells.
Aiming: Stone Arrow (dangerous; 2% risk of failure)
Press: ? - help, Shift-Dir - straight line, f/p - Erica
Aim: Erica, wielding a +0 scimitar of flaming and wearing a ring of resist corrosion (heavily wounded, constricting you, 64% to hit)
The stone arrow hits Erica!
Erica is heavily wounded.
Erica barely misses you. Erica constricts you.
You take 1 damage, and have 42/59 hp.
You now have 5/19 mp.
Casting: Stone Arrow (dangerous; 2% risk of failure)
Confirm with . or Enter, or press ? or * to list all spells.
Aiming: Stone Arrow (dangerous; 2% risk of failure)
Press: ? - help, Shift-Dir - straight line, f/p - Erica
Aim: Erica, wielding a +0 scimitar of flaming and wearing a ring of resist corrosion (heavily wounded, constricting you, 64% to hit)
The stone arrow hits Erica!
Erica is severely wounded.
Erica stares at you and mumbles some strange words.
You resist with significant effort. Erica constricts you.
You take 1 damage, and have 41/59 hp.
You now have 2/19 mp.
Casting: Stone Arrow (dangerous; 2% risk of failure)
Confirm with . or Enter, or press ? or * to list all spells.
You don't have enough magic to cast this spell.
You hit Erica.
Your weapon exudes an aura of protection.
Erica is almost dead.
Erica mumbles some strange words.
Erica flickers and vanishes!
Deactivating autopickup; reactivate with Ctrl-A.
You are constricted.
You take 1 damage, and have 40/59 hp.
Hop to where?
Press: ? - help, Dir - move target You hop free of something.
Found 19 gold pieces.
Boing!
You feel yourself slow down.
Found 15 gold pieces.
You hear some strange, mumbled words.
A bolt of poison appears from out of thin air!
The bolt of poison misses you.
You hear some strange, mumbled words.
A bolt of poison appears from out of thin air!
The bolt of poison hits you!!
You are poisoned.
* * * LOW HITPOINT WARNING * * *
You take 27 damage, and have 16/59 hp.
MASSIVE DAMAGE!!
Okay, then.
Aiming: Fastroot
Press: ? - help, Shift-Dir - straight line The roots erupt in riotous growth!
Roots grab something.
The grasping roots constrict something!!
* * * LOW HITPOINT WARNING * * *
You feel extremely sick.
You feel as though you will be slow longer.
You take 9 damage, and have 7/59 hp.
Casting: Stone Arrow (dangerous; 2% risk of failure)
Confirm with . or Enter, or press ? or * to list all spells.
Aiming: Stone Arrow (dangerous; 2% risk of failure)
Press: ? - help, Shift-Dir - straight line The stone arrow hits something.
Vehumet accepts your kill.
Reactivating autopickup.
You feel a bit more experienced.
* * * LOW HITPOINT WARNING * * *
You feel very sick.
Training target 5.0 for Alchemy reached!
Your Fighting skill increases to level 2!
Your Fire Magic skill gained 2 levels and is now at level 4!
Your Alchemy skill increases to level 5!
You take 5 damage, and have 2/62 hp.
You now have 9/20 mp.
There is a lethal amount of poison in your body!
You die...

#..#.# .#
....#.# .#
###.##.# .#
#.####.##.##/#
#..........$.#
#.#### ## #.#
#.########.#
#.)..@..$..#
############


There were no monsters in sight!

Vanquished Creatures
  Erica (D:8)
  Sigmund (D:4)
  A wyvern (D:6)
  A water moccasin (D:6)
  An orc warrior (D:6)
  A sky beast (D:7)
  A black bear (D:4)
  2 ice beasts (D:6)
  2 centaurs
  An ogre (D:5)
  A gnoll sergeant (D:5)
  2 scorpions
  6 killer bees (D:7)
  A howler monkey (D:5)
  A bombardier beetle (D:7)
  4 hounds
  2 orc priests
  A jelly (D:4)
  3 iguanas
  5 orc wizards
  2 sleepcaps (D:5)
  A statue (D:5)
  Robin (D:4)
  9 adders
  4 gnolls (D:5)
  2 white imps
  2 ribbon worms
  2 dart slugs (D:1)
  18 orcs
  4 bats
  8 endoplasms
  11 goblins
  11 hobgoblins
  10 kobolds
  6 quokkas
  7 ball pythons
  3 frilled lizards
  9 rats
148 creatures vanquished.

Notes
Turn   | Place    | Note
-------+----------+-------------------------------------------
     0 | D:1      | gimp the Barachi Earth Elementalist began the quest for the
                  | Orb.
     0 | D:1      | Reached XP level 1. HP: 13/13 MP: 3/3
   118 | D:1      | Reached XP level 2. HP: 19/19 MP: 1/5
   611 | D:1      | Reached XP level 3. HP: 22/24 MP: 3/6
   615 | D:1      | Learned a level 3 spell: Stone Arrow
  1216 | D:2      | Reached XP level 4. HP: 30/30 MP: 2/8
  2023 | D:3      | Found Osmeocisie's Weapon Shop.
  2374 | D:3      | Reached XP level 5. HP: 33/35 MP: 7/9
  2508 | D:3      | Found a transporter.
  2511 | D:3      | Noticed Hsik's ghost (amateur DjWr)
  2512 | D:3      | Noticed an ogre
  2513 | D:3      | Identified the +10 giant club of Idwer {antimagic, rCorr
                  | Dex+3}
  2513 | D:3      | Noticed an ogre
  2513 | D:3      | Noticed an ogre
  2520 | D:3      | Found a transporter.
  2754 | D:3      | Found a burning altar of Makhleb.
  2757 | D:3      | Found a blossoming altar of Fedhas.
  2924 | D:4      | Noticed a black bear
  3110 | D:4      | Reached XP level 6. HP: 41/41 MP: 9/11
  3195 | D:4      | Noticed Robin
  3217 | D:4      | Noticed Sigmund
  3314 | D:4      | Killed Sigmund
  3315 | D:4      | Reached skill level 5 in Conjurations
  3315 | D:4      | Reached XP level 7. HP: 46/46 MP: 6/13
  3334 | D:4      | Killed Robin
  3390 | D:4      | You are sucked into a shaft and drop 2 floors!
  3416 | D:5      | Entered Level 5 of the Dungeon
  3422 | D:5      | Reached skill level 5 in Earth Magic
  3839 | D:5      | Reached XP level 8. HP: 52/52 MP: 11/15
  3851 | D:5      | Reached skill level 5 in Spellcasting
  3901 | D:5      | Learned a level 4 spell: Sticky Flame
  4119 | D:5      | Found a shimmering altar of Xom.
  4310 | D:5      | Reached skill level 1 in Alchemy
  4509 | D:5      | Found a radiant altar of Vehumet.
  4517 | D:5      | Became a worshipper of Vehumet
  4748 | D:6      | Found an opulent altar of Gozag.
  4780 | D:6      | Found a stormy altar of Qazlal.
  4797 | D:6      | Noticed a wyvern
  4797 | D:6      | Found a glowing silver altar of Zin.
  4804 | D:6      | Killed a wyvern
  5169 | D:6      | Reached XP level 9. HP: 47/57 MP: 11/18
  5200 | D:6      | Found a staircase to the Ecumenical Temple.
  5515 | D:7      | Reached * piety under Vehumet
  5515 | D:7      | Offered knowledge of Shock by Vehumet.
  5670 | D:7      | Identified the +4 scale mail of the Hills {-Cast +Inv
                  | rCorr}
  5893 | D:7      | Reached skill level 1 in Fire Magic
  5900 | D:7      | Reached skill level 1 in Fighting
  6293 | D:8      | Noticed Erica
  6316 | D:8      | Killed Erica
  6316 | D:8      | HP: 2/59 [poisoned by Erica (bolt of poison)]
  6317 | D:8      | Reached skill level 5 in Alchemy
  6317 | D:8      | Succumbed to Erica's bolt of poison

Illustrated notes

Levels and vault maps discovered:
D:1:      sevenhm_arrival_forest_fort_small_4, layout_loops_ring,
          serial_bayou_crossing
D:2:      layout_basic, glass_columns_a
D:3:      layout_loops_ring, nicolae_overflow_hidden_temple, serial_shops,
          shop_coins, gammafunk_ghost_smash
D:4:      layout_gridville, uniq_sigmund, uniq_robin
D:5:      layout_loops_ring, vehumet_statue, lemuel_doored_altar
D:6:      layout_rooms, mainiacjoe_overflow_catwalk_spiral,
          nicolae_gozag_seed_capital, minmay_temple_entry_trees
D:7:      layout_cave_pools
D:8:      layout_loops_ring, mainiacjoe_overflow_paths, uniq_erica, uniq_grum,
          uniq_gastronok

Skill      XL: |  1  2  3  4  5  6  7  8  9 |
---------------+----------------------------+-----
Conjurations   | 2 3 4 5 6 7 |  7.0
Spellcasting   | 3 4 6 7 |  7.6
Earth Magic    | 4 5 6 7 |  7.0
Alchemy        | 3 5 |  5.0
Fire Magic     | 4 |  4.0
Fighting       | 2 |  2.5
Dodging        | |  2.1
Stealth        | |  1.7

Action                     |  1- 3 |  4- 6 |  7- 9 || total
---------------------------+-------+-------+-------++-------
  Melee: Dagger            |     1 |     2 |     1 ||     4
         Short sword       |       |       |     5 ||     5
   Cast: Sandblast         |    44 |    72 |    25 ||   141
         Stone Arrow       |       |     2 |   112 ||   114
Ability: Hop               |       |     1 |     5 ||     6
  Evoke: Wand              |       |       |     1 ||     1
    Use: Potion            |       |       |     5 ||     5
         Scroll            |       |       |     7 ||     7
 Armour: Robe              |     8 |    15 |    54 ||    77
         Leather armour    |       |       |    20 ||    20
  Dodge: Dodged            |     5 |    22 |   110 ||   137

Table legend: (Time is in decaauts)
 A = Elapsed time spent in this place.
 B = Non-inter-level travel time spent in this place.
 C = Inter-level travel time spent in this place.
 D = Time resting spent in this place.
 E = Time spent auto-exploring this place.
 F = Levels seen in this place.
 G = Mean time per level.
                   A        B        C        D        E       F      G
               +--------+--------+--------+--------+--------+-----+--------+
         Total |   7164 |   6713 |    451 |    201 |   5428 |   8 |  895.5 |
       Dungeon |   7164 |   6713 |    451 |    201 |   5428 |   8 |  895.5 |
               +--------+--------+--------+--------+--------+-----+--------+

Top non-repeatable levels by time:
     D:3: 1312 daAuts
     D:2: 1183 daAuts
     D:5: 1113 daAuts
     D:1: 1032 daAuts
     D:6: 966 daAuts
     D:7: 776 daAuts
     D:4: 741 daAuts
     D:8: 38 daAuts
